 Dungeon Crawl Stone Soup version 0.28-a0-79-g444c7a33f5 (webtiles) character file.

Game seed: 14835059286554873402

973 siradein the Chiller (level 7, -4/41 (46) HPs)
             Began as a Vampire Ice Elementalist on Aug 3, 2021.
             Was a Follower of Kikubaaqudgha.
             Slain by a wight (5 damage)
             ... on level 5 of the Dungeon.
             The game lasted 00:16:55 (4723 turns).

siradein the Chiller (Vampire Ice Elementalist)     Turns: 4723, Time: 00:16:56

HP:   -4/41 (46)    AC:  5    Str:  6 (7)  XL:     7   Next: 94%
MP:   12/15         EV: 12    Int: 20      God:    Kikubaaqudgha [*.....]
Gold: 205           SH:  0    Dex: 14      Spells: 2/16 levels left

rFire   . . .      SeeInvis +   v - +1 dagger (pain)
rCold   . . .      Faith    .   (no shield)
rNeg    . . .      Spirit   .   a - +0 robe
rPois   .          Reflect  .   l - +0 helmet
rElec   .          Harm     .   (no cloak)
rCorr   .          Rampage  .   s - +1 pair of gloves
Will    .....                   (no boots)
Stlth   ++........              (no amulet)
HPRegen 0.33/turn               (no ring)
MPRegen 0.14/turn               (no ring)

@: healing quickly, heavily drained
A: alive, fangs 3, see invisible, vampiric 2
a: Exsanguinate, Renounce Religion, Receive Corpses


You were on level 5 of the Dungeon.
You worshipped Kikubaaqudgha.
Kikubaaqudgha was aware of your devotion.
You visited 1 branch of the dungeon, and saw 6 of its levels.

You collected 205 gold pieces.

Inventory:

Hand Weapons
 p - a +0 broad axe of electrocution
 v - a +1 dagger of pain (weapon)
Armour
 a - a +0 robe (worn)
 l - a +0 helmet (worn)
 s - a +1 pair of gloves (worn)
Jewellery
 t - a ring of poison resistance
Scrolls
 b - 3 scrolls of vulnerability {unknown}
 c - 2 scrolls of amnesia {unknown}
 e - 2 scrolls of immolation {unknown}
 g - 4 scrolls of blinking {unknown}
 j - a scroll of enchant weapon {unknown}
 n - 5 scrolls of teleportation {unknown}
 q - 2 scrolls of fog {unknown}
 u - a scroll of identify
Potions
 d - 2 potions of heal wounds
 f - 2 potions of curing
 h - a potion of flight
 i - a potion of cancellation
 k - 2 potions of attraction
 m - a potion of haste {unknown}
 o - a potion of ambrosia {unknown}
 r - a potion of lignification {unknown}


   Skills:
 - Level 2.1 Dodging
 - Level 3.0 Stealth
 + Level 5.4 Spellcasting
 + Level 4.6 Necromancy
 + Level 6.9 Ice Magic


You had 2 spell levels left.
You knew the following spells:

 Your Spells              Type           Power      Damage    Failure   Level
a - Freeze                Ice            100%       1d11      1%          1
b - Frozen Ramparts       Ice            66%        1d8       1%          3
c - Ozocubu's Armour      Ice            33%        N/A       1%          3
d - Vampiric Draining     Necr           12%        2d7       4%          3
e - Hailstorm             Conj/Ice       19%        3d6       26%         4

Your spell library contained the following spells:

 Spells                   Type           Power      Damage    Failure   Level
 Animate Skeleton         Necr           48%        N/A       1%          1
 Pain                     Necr           96%        1d8       1%          1
 Corpse Rot               Necr/Air       N/A        N/A       6%          2
 Call Imp                 Summ           5%         N/A       17%         2
 Ice Form                 Ice/Tmut       19%        N/A       26%         4
 Summon Ice Beast         Ice/Summ       19%        N/A       26%         4
 Dazzling Flash           Conj/Hex       10%        N/A       32%         3
 Agony                    Necr           24%        N/A       41%         5
 Silence                  Hex/Air        2%         N/A       97%         5
 Malign Gateway           Summ/Tloc      2%         N/A       100%        7
 Monstrous Menagerie      Summ           2%         N/A       100%        7


Dungeon Overview and Level Annotations

Branches:
Dungeon (6/15)             Temple (0/1) D:5

Altars:
Fedhas
Kikubaaqudgha
Nemelex Xobeh
Ru
Sif Muna


Innate Abilities, Weirdness & Mutations

Your natural rate of healing is accelerated.
You have razor-sharp teeth.
You have supernaturally acute eyesight. (SInv)
You are afflicted with vampirism and can become a bat while bloodless.


Message History

The wight completely resists.
The wall freezes the wight but does no damage.
You hit the wight but do no damage.
The wight is lightly damaged.
The wight completely resists.
The wall freezes the wight but does no damage.
The wight hits you from afar with a +3 halberd!
You feel drained.
The wight completely resists.
The wall freezes the wight but does no damage.
The wight hits you but does no damage.
The wight completely resists.
The wall freezes the wight but does no damage.
Your icy armour and frozen ramparts will break if you move.
Continue?
Your icy armour cracks and falls away as you move.
The frozen ramparts melt away as you move.
There is a stone staircase leading up here.
You climb upwards.
There is a stone staircase leading down here.
You hit the wight but do no damage. You bite the wight, but do no damage.
The wight is lightly damaged.
The wight closely misses you.
You hit the wight.
The wight is lightly damaged.
The wight hits you with a +3 short sword.
The wight hits you with a +3 short sword.
The wight hits you with a +3 short sword.
You feel drained.
The wight hits you with a +3 short sword.
You feel drained.
You closely miss the wight.
The wight is lightly damaged.
The wight hits you with a +3 short sword!
* * * LOW HITPOINT WARNING * * *
You hit the wight but do no damage.
The wight is lightly damaged.
The wight hits you with a +3 short sword!
* * * LOW HITPOINT WARNING * * *
You hit the wight but do no damage.
The wight hits you with a +3 short sword.
You die...
Kikubaaqudgha rasps: "You have failed me!
Welcome... death!"

#.............# #.#.######
#......###.##.####### #.#.#.....
#..........##.......# #.#.#.####
#.......##.###......# #.#.#.#
#..........# #......# #.#.#.####
##'#.#._.#.####.....####.#.#....(
#.#.............................
##.######.######z#######...###...
................@......).........
...#########.....................
...# #####.####[##.......######
...#####........)))..#...#.......
......##.###.#####.#..#.#........
#.....##+###.#<........>.........
#..........#.#####..[)#.#...####.
#..........#.# ##..#...#.......
...........#.# #.........####.


You could see a wight.

Vanquished Creatures
  An ogre (D:4)
  A phantom (D:5)
  Blork the orc (D:4)
  2 scorpions (D:5)
  A wyvern skeleton (D:5)
  A jelly (D:4)
  3 howler monkeys
  4 hounds
  An orc priest (D:5)
  Terence (D:2)
  A bullfrog skeleton (D:5)
  3 orc wizards
  Robin (D:2)
  3 adders (D:3)
  A gnoll (D:1)
  A shadow imp (D:5)
  An ufetubus (D:4)
  An adder skeleton (D:4)
  A worm (D:4)
  2 dart slugs
  7 orcs
  4 bats
  5 endoplasms
  14 goblins
  6 hobgoblins
  8 jackals
  7 kobolds
  A quokka (D:4)
  7 ball pythons
  3 frilled lizards (D:1)
  4 rats (D:1)
97 creatures vanquished.

Notes
Turn   | Place    | Note
-------+----------+-------------------------------------------
     0 | D:1      | siradein the Vampire Ice Elementalist began the quest for
                  | the Orb.
     0 | D:1      | Reached XP level 1. HP: 13/13 MP: 3/3
    60 | D:1      | Reached XP level 2. HP: 9/19 MP: 0/5
   461 | D:1      | Gained mutation: You are afflicted with vampirism and can
                  | become a bat while bloodless. [Vampire growth]
   461 | D:1      | Reached XP level 3. HP: 22/24 MP: 4/7
   629 | D:1      | Learned a level 3 spell: Frozen Ramparts
  1087 | D:2      | Noticed Terence
  1092 | D:2      | Killed Terence
  1093 | D:2      | Reached XP level 4. HP: 30/30 MP: 1/8
  1163 | D:2      | Found a faded altar of an unknown god.
  1439 | D:2      | Reached skill level 5 in Ice Magic
  1762 | D:2      | Noticed Robin
  1766 | D:2      | Killed Robin
  1860 | D:3      | Learned a level 3 spell: Ozocubu's Armour
  1906 | D:3      | Found an ancient bone altar of Kikubaaqudgha.
  1957 | D:3      | Became a worshipper of Kikubaaqudgha
  2073 | D:3      | Found a sparkling altar of Nemelex Xobeh.
  2324 | D:3      | Found a sacrificial altar of Ru.
  2397 | D:3      | Found a blossoming altar of Fedhas.
  2402 | D:3      | Got the Almanac of Companions
  2453 | D:3      | Reached XP level 5. HP: 16/31 MP: 2/10
  2659 | D:4      | Reached skill level 1 in Necromancy
  2789 | D:4      | Noticed an ogre
  2799 | D:4      | Killed an ogre
  2800 | D:4      | Reached XP level 6. HP: 25/36 MP: 0/12
  2935 | D:4      | Noticed Blork the orc
  2948 | D:4      | Killed Blork the orc
  3070 | D:4      | Reached * piety under Kikubaaqudgha
  3070 | D:4      | Received a gift from Kikubaaqudgha
  3071 | D:4      | Reached skill level 6 in Ice Magic
  3094 | D:4      | Learned a level 3 spell: Vampiric Draining
  3099 | D:4      | Learned a level 4 spell: Hailstorm
  3662 | D:5      | Entered Level 5 of the Dungeon
  3664 | D:5      | Found a staircase to the Ecumenical Temple.
  3675 | D:5      | Reached XP level 7. HP: 46/46 MP: 12/14
  3700 | D:5      | Reached skill level 5 in Spellcasting
  4412 | D:5      | Found a shimmering blue altar of Sif Muna.
  4721 | D:5      | HP: 1/41 [wight (7)]
  4723 | D:5      | Slain by a wight

Illustrated notes

Levels and vault maps discovered:
D:1:      matt_arrival_grand_opening, layout_basic, palyth_stone_intersect
D:2:      layout_loops_ring, ebering_ecumenical_altar_abandoned,
          hangedman_decor_growths, uniq_terence, uniq_robin
D:3:      layout_basic, mainiacjoe_overflow_paths, fedhas_ov_isle_minmay,
          mainiacjoe_overflow_brackets, mainiacjoe_overflow_catwalk
D:4:      layout_gridville, kennysheep_generic_room_8, uniq_blork_the_orc
D:5:      layout_basic, mainiacjoe_overflow_tiny_flanked,
          minmay_temple_entry_crystal_x
D:6:      layout_basic, mainiacjoe_overflow_six_doors_small,
          mainiacjoe_overflow_boulevard, gammafunk_ghost_split, serial_shops,
          nicolae_shop_crystal, guppyfry_shop_venom

Skill      XL: |  1  2  3  4  5  6  7 |
---------------+----------------------+-----
Spellcasting   | 3 4 5 |  5.4
Ice Magic      | 5 6 |  6.9
Necromancy     | 2 3 4 |  4.6
Dodging        | |  2.1
Stealth        | |  3.0

Action                   |  1- 3 |  4- 6 |  7- 9 || total
-------------------------+-------+-------+-------++-------
Melee: Unarmed           |     4 |       |       ||     4
       Bite              |     1 |       |     3 ||     4
       Broad axe         |       |    33 |    42 ||    75
       Dagger            |       |       |     8 ||     8
 Cast: Freeze            |    51 |    40 |       ||    91
       Frozen Ramparts   |     1 |    12 |     5 ||    18
       Ozocubu's Armour  |       |     2 |     4 ||     6
 Abil: Bat Form          |       |     2 |       ||     2
       End Transformatio |       |     1 |       ||     1
       Exsanguinate      |       |     1 |       ||     1
       Revivify          |       |     1 |       ||     1
  Use: Scroll            |       |     5 |       ||     5
 Stab: Sleeping          |       |     1 |       ||     1
Armor: Robe              |     5 |    19 |    23 ||    47
Dodge: Dodged            |    36 |    48 |    45 ||   129

Table legend: (Time is in decaauts)
 A = Elapsed time spent in this place.
 B = Non-inter-level travel time spent in this place.
 C = Inter-level travel time spent in this place.
 D = Time resting spent in this place.
 E = Time spent auto-exploring this place.
 F = Levels seen in this place.
 G = Mean time per level.
                   A        B        C        D        E       F      G
               +--------+--------+--------+--------+--------+-----+--------+
         Total |   4761 |   4646 |    115 |      0 |   3787 |   6 |  793.5 |
       Dungeon |   4761 |   4646 |    115 |      0 |   3787 |   6 |  793.5 |
               +--------+--------+--------+--------+--------+-----+--------+

Top non-repeatable levels by time:
     D:1: 1087 daAuts
     D:5: 1075 daAuts
     D:4: 1027 daAuts
     D:3: 792 daAuts
     D:2: 767 daAuts
     D:6: 11 daAuts
